 Dungeon Crawl Stone Soup version 0.27.1-33-g824d729ab1 (webtiles) character file.

Game seed: 7975739935634526619

367 jlumianski the Cutter (level 6, -1/39 HPs)
             Began as a Gargoyle Monk on Dec 18, 2021.
             Killed from afar by Dowan (16 damage)
             ... with a shard of ice
             ... on level 4 of the Dungeon.
             The game lasted 00:11:34 (3764 turns).

jlumianski the Cutter (Gargoyle Monk)               Turns: 3764, Time: 00:11:34

Health: -1/39      AC: 11    Str: 17    XL:     6   Next: 69%
Magic:  6/6        EV: 10    Int: 10    God:
Gold:   116        SH:  0    Dex: 12    Spells: 5/5 levels left

rFire    . . .     SeeInvis .   m - +2 short sword (drain)
rCold    . . .     Faith    .   (no shield)
rNeg     + . .     Spirit   .   l - +0 scale mail
rPois    ∞         Reflect  .   (no helmet)
rElec    +         Harm     .   (no cloak)
rCorr    .         Rampage  .   (no gloves)
Will     .....                  (no boots)
Stlth    +.........             (no amulet)
HPRegen  0.13/turn              (no ring)
MPRegen  0.10/turn              (no ring)

@: no status effects
A: sickness immunity, AC +4, negative energy resistance 1, electricity
resistance, torment resistance 1, petrification resistance
a: no special abilities


You were on level 4 of the Dungeon.
You visited 1 branch of the dungeon, and saw 4 of its levels.

You collected 116 gold pieces.

Inventory:

Hand Weapons
 a - a +0 short sword
 j - a +0 hunting sling
 m - a +2 short sword of draining (weapon)
 t - a +0 war axe
Missiles
 h - 28 bolts
 n - 76 stones (quivered)
 q - 29 sling bullets
 x - 5 poisoned darts
Armour
 b - a +0 robe
 l - a +0 scale mail (worn)
 r - a +0 ring mail
 w - a +0 chain mail
Jewellery
 v - a +6 ring of dexterity
Wands
 u - a wand of flame (10)
 y - a wand of acid (9)
Scrolls
 c - a scroll of amnesia {unknown}
 d - a scroll of magic mapping {unknown}
 i - a scroll of enchant armour {unknown}
 k - a scroll of teleportation {unknown}
 p - a scroll of immolation {unknown}
Potions
 e - a potion of heal wounds {unknown}
 f - 3 potions of curing {unknown}
 g - a potion of attraction {unknown}
 o - a potion of brilliance {unknown}
 s - a potion of degeneration


   Skills:
 + Level 4.4 Fighting
 + Level 4.4 Short Blades
 + Level 2.9 Armour
 + Level 3.5 Dodging
 + Level 2.7 Stealth


You had 5 spell levels left.
You didn't know any spells.
Your spell library was empty.

Dungeon Overview and Level Annotations

Branches:
Dungeon (4/15)
 Temple: D:4-7

Altars:
Vehumet

Annotations:
D:4 Dowan


Innate Abilities, Weirdness & Mutations

You are immune to sickness and miasma.
Your stone body is resilient. (AC +4)
You are immune to poison.
You resist negative energy. (rN+)
You are resistant to electric shocks. (rElec)
You are resistant to unholy torment.
You are immune to petrification.


Message History

Duvessa is moderately wounded.
Duvessa hits you with a +0 short sword.
You hit Duvessa. You drain Duvessa.
Duvessa is severely wounded.
Duvessa misses you.
You hit Duvessa.
Duvessa is severely wounded.
Duvessa barely misses you.
You hit Duvessa.
Duvessa is severely wounded.
Duvessa hits you with a +0 short sword.
You hit Duvessa.
Duvessa is almost dead.
Duvessa barely misses you.
You hit Duvessa.
Duvessa is almost dead.
Duvessa closely misses you.
You hit Duvessa. You drain Duvessa.
You kill Duvessa!
Dowan screams, "No!
Oh no!"
Dowan seems to find hidden reserves of power!
You closely miss Dowan. Dowan hits you with a +0 dagger.
Dowan says, "How can I live without her?"
Dowan hits you with a +0 dagger.
You hit Dowan. You drain Dowan.
Dowan is moderately wounded.
Dowan hits you but does no damage.
You miss Dowan.
Dowan is moderately wounded.
Dowan closely misses you.
You hit Dowan.
Dowan is moderately wounded.
Dowan says, "Her death will not be in vain!"
Dowan points at you and mumbles some strange words.
The shard of ice hits you! Dowan closely misses you.
You puncture Dowan!
Dowan is severely wounded.
Dowan points at you and mumbles some strange words.
The shard of ice hits you!
You die...

### #@#
#e# #w#
#)# #.#
........#
#.#
........#
#.#
........#
#.#
......(.#
#.#


You could see Dowan (fast, drained) and a worm.

Vanquished Creatures
  Duvessa (D:4)
  A black bear (D:4)
  An orc priest (D:3)
  An orc wizard (D:2)
  A hound skeleton (D:4)
  2 adders (D:2)
  A white imp (D:4)
  A worm (D:3)
  A dart slug (D:1)
  13 orcs
  5 bats
  5 endoplasms
  A giant cockroach (D:2)
  4 hobgoblins
  3 quokkas
  3 ball pythons
  4 frilled lizards
  A goblin (D:4)
  10 kobolds
  6 rats
65 creatures vanquished.

Vanquished Creatures (others)
  9 plants (D:3)
9 creatures vanquished.

Grand Total: 74 creatures vanquished

Notes
Turn   | Place    | Note
-------+----------+-------------------------------------------
     0 | D:1      | jlumianski the Gargoyle Monk began the quest for the Orb.
     0 | D:1      | Reached XP level 1. HP: 14/14 MP: 1/1
   450 | D:1      | Reached XP level 2. HP: 14/19 MP: 2/2
  1303 | D:2      | Reached XP level 3. HP: 24/24 MP: 3/3
  1495 | D:3      | Found a radiant altar of Vehumet.
  1875 | D:1      | Reached XP level 4. HP: 21/29 MP: 4/4
  2105 | D:2      | Reached skill level 1 in Armour
  2314 | D:3      | You fall into a shaft and drop 1 floor!
  2314 | D:4      | Noticed a black bear
  2322 | D:4      | Killed a black bear
  2323 | D:4      | Reached XP level 5. HP: 21/33 MP: 5/5
  2878 | D:2      | Reached XP level 6. HP: 20/38 MP: 6/6
  3589 | D:4      | Noticed Duvessa
  3589 | D:4      | Noticed Dowan
  3759 | D:4      | Killed Duvessa
  3764 | D:4      | Killed from afar by Dowan

Illustrated notes

Levels and vault maps discovered:
D:1:      dpeg_arrival_boxes_within_box, layout_loops_ring, grunt_decor_fettered
D:2:      layout_loops_ring
D:3:      layout_rooms, vehumet_altar_wand_db, lexackson_kobold_supper
D:4:      layout_basic, kennysheep_generic_room_4, uniq_duvessa, uniq_eustachio,
          uniq_sigmund, uniq_menkaure

Skill      XL: |  1  2  3  4  5 |
---------------+----------------+-----
Short Blades   | 3 4 |  4.4
Dodging        | 3 |  3.5
Armour         | 2 |  2.9
Fighting       | 4 |  4.4
Stealth        | |  2.7

Action                   |  1- 3 |  4- 6 || total
-------------------------+-------+-------++-------
Melee: Short sword       |    97 |   134 ||   231
  Use: Potion            |     1 |       ||     1
 Stab: Sleeping          |     2 |       ||     2
Armor: Robe              |     4 |       ||     4
       Scale mail        |    51 |   103 ||   154
Dodge: Dodged            |    50 |   109 ||   159
